 Dungeon Crawl Stone Soup version 0.31-a0-691-g409c26aa35 (webtiles) character file.

Game seed: 12086908094936711925

12 SmokeWeed the Sneak (level 2, -6/18 HPs)
             Began as a Deep Elf Delver on Sept 6, 2023.
             Mangled by an iguana (10 damage)
             ... on level 5 of the Dungeon.
             The game lasted 00:00:24 (46 turns).

SmokeWeed the Sneak (Deep Elf Delver)                 Turns: 46, Time: 00:00:24

Health: -6/18      AC:  3    Str:  9    XL:     2   Next: 20%
Magic:  4/4        EV: 12    Int: 14    God:
Gold:   0          SH:  0    Dex: 16    Spells: 1/1 levels left

rFire   . . .        a - +0 short sword
rCold   . . .        (no shield)
rNeg    . . .        b - +0 leather armour
rPois   .            (no helmet)
rElec   .            (no cloak)
rCorr   .            (no gloves)
SInv    .            (no boots)
Will    .....        (no amulet)
Stlth   +++          (no ring)
HPRegen 0.23/turn    (no ring)
MPRegen 0.09/turn

%: no passive effects
@: lethally poisoned (-6 -> -13)
A: no striking features
a: no special abilities


You were on level 5 of the Dungeon.
You visited 1 branch of the dungeon, and saw 1 of its levels.

Inventory:

Hand Weapons
 a - a +0 short sword (weapon)
Armour
 b - a +0 leather armour (worn)
Wands
 g - a wand of digging (3)
Scrolls
 c - a scroll of fog
 d - a scroll of revelation
 e - a scroll of fear
Potions
 f - a potion of haste


   Skills:
 + Level 2.5 Fighting
 + Level 2.0 Short Blades
 + Level 2.4 Dodging
 + Level 6.6 Stealth


You had one spell level left.
You didn't know any spells.
Your spell library was empty.

Dungeon Overview and Level Annotations

Branches:
Dungeon (5/15)
 Temple: D:4-7

Altars:


Message History

The hound is moderately wounded.
The hound bites you.
An iguana comes into view.
You hit the hound.
The hound is heavily wounded.
The hound bites you. The iguana barely misses you.
The hound bites you but does no damage.
You hit the hound but do no damage.
The hound is heavily wounded.
The hound misses you.
An adder comes into view.
The iguana closely misses you.
You miss the hound.
The hound is heavily wounded.
The hound barely misses you. The iguana completely misses you.
The hound misses you.
You barely miss the hound.
The hound is heavily wounded.
The hound bites you but does no damage.
You barely miss the hound.
The hound is heavily wounded.
The iguana barely misses you. The hound closely misses you.
You hit the hound but do no damage.
The hound is heavily wounded.
The hound bites you. The iguana bites you. The adder barely misses you.
The hound closely misses you.
You hit the hound but do no damage.
The hound is heavily wounded.
The iguana barely misses you. The adder bites you but does no damage.
The hound bites you but does no damage.
You hit the hound.
The hound is heavily wounded.
The hound bites you.
* * * LOW HITPOINT WARNING * * *
The adder bites you.
* * * LOW HITPOINT WARNING * * *
You are lethally poisoned!
The adder poisons you! The iguana bites you!
Ouch! That really hurt!
You die...

#!. #.. #...
#...
###...###+######
...............#
......lhS?.....#
#@.......#
#........#
#+##...!..###
#.........# ##.
###.......# ...
#....#### #.#
##......###..#
#..........#
#...##.....#


You could see an iguana, a hound and an adder.

Vanquished Creatures
  An adder (D:5)
  A dart slug (D:5)
2 creatures vanquished.

Notes
Turn   | Place    | Note
-------+----------+-------------------------------------------
     0 | D:5      | SmokeWeed the Deep Elf Delver began the quest for the Orb.
     0 | D:5      | Reached XP level 1. HP: 13/13 MP: 3/3
    13 | D:5      | Reached XP level 2. HP: 15/18 MP: 4/4
    46 | D:5      | Mangled by an iguana

Illustrated notes

Levels and vault maps discovered:
D:5:      layout_basic, minmay_temple_entry_large_hall

Action                     || total
---------------------------++-------
  Melee: Short sword       ||    15
   Stab: Sleeping          ||     1
 Armour: Leather armour    ||    15
  Dodge: Dodged            ||    12

Table legend: (Time is in decaauts)
 A = Elapsed time spent in this place.
 B = Non-inter-level travel time spent in this place.
 C = Inter-level travel time spent in this place.
 D = Time resting spent in this place.
 E = Time spent auto-exploring this place.
 F = Levels seen in this place.
 G = Mean time per level.
                   A        B        C        D        E       F      G
               +--------+--------+--------+--------+--------+-----+--------+
         Total |     44 |     44 |      0 |      0 |     14 |   1 |   44.0 |
       Dungeon |     44 |     44 |      0 |      0 |     14 |   1 |   44.0 |
               +--------+--------+--------+--------+--------+-----+--------+

Top non-repeatable levels by time:
     D:5: 44 daAuts
